 Dungeon Crawl Stone Soup version 0.23.1-37-gaa34b87 (webtiles) character file.

Game seed: 5552887451615043798

42 Lauz the Conjurer (level 3, 0/19 HPs)
             Began as a Deep Elf Conjurer on Mar 20, 2019.
             Shot with a stone by a goblin (3 damage)
             ... led by Robin
             ... on level 1 of the Dungeon.
             The game lasted 00:04:03 (1476 turns).

Lauz the Conjurer (Deep Elf Conjurer)               Turns: 1476, Time: 00:04:03

Health: 0/19       AC:  2    Str:  5    XL:     3   Next: 33%
Magic:  3/9        EV: 13    Int: 20    God:
Gold:   101        SH:  0    Dex: 15    Spells: 4/8 levels left

rFire    . . .     SeeInvis .   (no weapon)
rCold    . . .     Gourm    .   (no shield)
rNeg     . . .     Faith    .   a - +0 robe
rPois    .         Spirit   .   (no helmet)
rElec    .         Reflect  .   (no cloak)
rCorr    .         Harm     .   (no gloves)
MR       .....                  (no boots)
Stlth    ++........             (no amulet)
HPRegen  0.06/turn              (no ring)
MPRegen  0.11/turn              (no ring)

@: very slightly contaminated
A: no striking features
a: no special abilities


You were on level 1 of the Dungeon.
You were not hungry.

You visited 1 branch of the dungeon, and saw 2 of its levels.

You collected 101 gold pieces.

Inventory:

Armour
 a - a +0 robe (worn)
Scrolls
 d - a scroll of random uselessness {unknown}
 g - 2 scrolls of identify {unknown}
 j - a scroll of remove curse {unknown}
Potions
 b - a potion of curing {unknown}
 e - a potion of lignification {unknown}
 f - a potion of might {unknown}
 h - a potion of mutation {unknown}
 i - a potion of cancellation {unknown}
Comestibles
 c - 4 rations
 k - a chunk of flesh


   Skills:
 + Level 2.5 Dodging
 - Level 2.4 Stealth
 + Level 3.4 Spellcasting
 + Level 5.4 Conjurations


You had 4 spell levels left.
You knew the following spells:

 Your Spells              Type           Power        Failure   Level  Hunger
a - Magic Dart            Conj           ####         1%          1    None
b - Dazzling Spray        Conj/Hex       ##....       13%         3    ###....

Your spell library contained the following spells:

 Spells                   Type           Power        Failure   Level  Hunger
 Searing Ray              Conj           ####..       2%          2    ##.....
 Iskenderun's Mystic Bla  Conj           ####....     14%         4    ####...
 Force Lance              Conj/Tloc      ##......     41%         4    ####...
 Fulminant Prism          Conj/Hex       ##........   41%         4    ####...


Dungeon Overview and Level Annotations

Branches:
Dungeon (2/15)

Altars:

Annotations:
D:2 Jessica, Robin


Message History

* * * LOW HITPOINT WARNING * * *
The bat hits you but does no damage. The bat hits you.
* * * LOW HITPOINT WARNING * * *
The bat completely misses you.
Casting: Magic Dart (safe; 1% risk of failure)
Confirm with . or Enter, or press ? or * to list all spells.
Aiming: Magic Dart (safe; 1% risk of failure)
Press: ? - help, Shift-Dir - straight line, f/p - goblin
Aim: a goblin, wielding a +0 club The magic dart hits the bat.
You kill the bat!
The goblin unwields a +0 club.
The goblin wields a cursed -1 hunting sling.
The goblin shoots a stone.
The stone closely misses you.
The goblin no longer looks unusually strong.
The goblin shoots a stone.
The stone hits you but does no damage.
You see here a stone.
The goblin shoots a stone.
The stone hits you.
You die...

≈≈.P≈# #...(..#.# ##'## #####
≈≈PP≈# #.#.####.# #.# # ≈≈..≈#
#.#.# #.# #.# # ≈≈♣P≈# #.#g####.#
##.## # ≈≈PP≈#####g.....####...##
# .≈P♣≈#...#.[......#.....# #
.≈≈≈≈#...#.######.##...## #
.....'..<#g######.###.###########
.≈≈≈≈#...#.....(@..).............
.≈..≈#...#.######.###.###########
≈≈PP≈#####(.......# #.# ≈≈P♣≈#
#.#######.# #.# ≈≈PP≈#
#......>..# #.# ≈≈PP≈#
########### #.# ≈≈♣.≈# #.#
######## ≈≈♣♣≈# #.# #.......
≈≈PP≈######## #.# #.#.....


You could see a goblin.

Vanquished Creatures
  A worm (D:1)
  A dart slug (D:1)
  6 bats
  4 giant cockroaches
  7 goblins
  6 hobgoblins
  4 kobolds
  3 rats
32 creatures vanquished.

Notes
Turn   | Place    | Note
-------+----------+-------------------------------------------
     0 | D:1      | Lauz the Deep Elf Conjurer began the quest for the Orb.
     0 | D:1      | Reached XP level 1. HP: 10/10 MP: 6/6
   190 | D:1      | Reached XP level 2. HP: 15/15 MP: 5/8
   400 | D:1      | Reached skill level 5 in Conjurations
  1083 | D:2      | Noticed Jessica
  1111 | D:2      | Reached XP level 3. HP: 19/19 MP: 5/9
  1116 | D:2      | Learned a level 3 spell: Dazzling Spray
  1273 | D:2      | Noticed Robin
  1476 | D:1      | Shot with a stone by a goblin

Skill      XL: |  1  2 |
---------------+-------+-----
Conjurations   | 5 |  5.4
Dodging        | |  2.5
Stealth        | |  2.4
Spellcasting   | |  3.4

Action                   || total
-------------------------++-------
 Cast: Magic Dart        ||    64
       Dazzling Spray    ||     2
  Eat: Chunk             ||     2
Armor: Robe              ||     6
Dodge: Dodged            ||    22
